 Dungeon Crawl Stone Soup version 0.29-a0-1047-g7c58e119a4 (webtiles) character file.

Game seed: 17951012229323250625

37709 wingedge the Tainter (level 13, -11/93 HPs)
             Began as a Demonspawn Wanderer on Aug 16, 2022.
             Was an Elder of Sif Muna.
             Mangled by a spriggan rider
             ... wielding a +0 spear
              (25 damage)
             ... on level 5 of the Lair of Beasts.
             The game lasted 03:33:29 (25584 turns).

wingedge the Tainter (Demonspawn Wanderer)         Turns: 25584, Time: 03:33:29

Health: -11/93     AC: 10    Str: 14    XL:     13   Next: 59%
Magic:  0/26       EV: 16    Int: 21    God:    Sif Muna [****..]
Gold:   607        SH:  8    Dex: 13    Spells: 1/31 levels left

rFire   . . .      SeeInvis .   a - staff of poison
rCold   + . .      Faith    .   p - +3 buckler {AC+3}
rNeg    . . .      Spirit   +   t - +1 robe {rC+}
rPois   +          Reflect  .   Q - +0 helmet of the Tick {Int+4}
rElec   .          Harm     .   e - +0 cloak
rCorr   .          Rampage  .   u - +1 pair of gloves {hurl}
Will    .....                   (boots unavailable)
Stlth   +.........              N - amulet of magic regeneration
HPRegen 0.25/turn               E - +4 ring of evasion
MPRegen 0.80/turn               L - +4 ring of evasion

@: about to teleport, vertiginous
A: hooves 3, ignite blood 1, magic shield, magic regeneration
a: Renounce Religion, Channel Magic, Forget Spell, Divine Exegesis


You were on level 5 of the Lair of Beasts.
You worshipped Sif Muna.
Sif Muna was greatly pleased with you.
You visited 2 branches of the dungeon, and saw 17 of its levels.
You also visited: Bailey.

You collected 1202 gold pieces.
You spent 595 gold pieces at shops.

Inventory:

Hand Weapons
 b - a +2 whip of electrocution
 C - a +0 antimagic dire flail
Missiles
 D - 2 silver javelins
 H - 6 curare-tipped darts
 O - a throwing net
Armour
 e - a +0 cloak (worn)
 f - a +4 scale mail
 p - a +3 buckler of protection (worn)
 r - +0 pearl dragon scales
 t - a +1 robe of cold resistance (worn)
 u - a +1 pair of gloves of hurling (worn)
 Q - the +0 helmet of the Tick (worn) {Int+4}
   (You found it on level 8 of the Dungeon)

   Int:       It affects your intelligence (+4).
Magical Staves
 a - a staff of poison (weapon)
 A - a staff of air
Jewellery
 h - a ring of wizardry
 j - a +4 ring of slaying
 v - a +4 ring of protection
 E - a +4 ring of evasion (left hand)
 G - the ring "Esaysaromu" {rF+ rC- Will+ Dex+3}
   (You found it in a bailey)

   [ring of willpower]

   Dex:       It affects your dexterity (+3).
   rF:        It protects you from fire.
   rC:        It makes you vulnerable to cold.
   Will:      It increases your willpower.
 L - a +4 ring of evasion (right hand)
 N - an amulet of magic regeneration (around neck)
 S - a +4 ring of protection
 Z - a ring of magical power
Wands
 d - a wand of mindburst (15)
 J - a wand of iceblast (14)
 W - a wand of paralysis (8)
 X - a wand of digging (10)
Scrolls
 g - 3 scrolls of teleportation
 k - 3 scrolls of vulnerability
 l - 3 scrolls of blinking
 q - 2 scrolls of magic mapping {unknown}
 s - 4 scrolls of fog
 y - 3 scrolls of fear
 B - 5 scrolls of immolation
 T - a scroll of silence {unknown}
 V - a scroll of poison {unknown}
 Y - 3 scrolls of amnesia {unknown}
Potions
 c - a potion of degeneration {unknown}
 i - 7 potions of mutation
 m - 6 potions of ambrosia
 n - 5 potions of curing
 o - a potion of might
 w - 5 potions of lignification
 x - a potion of attraction {unknown}
 z - 3 potions of haste
 F - 4 potions of brilliance
 I - 7 potions of flight
 K - 3 potions of resistance {unknown}
 M - 3 potions of magic {unknown}
 R - a potion of invisibility {unknown}
 U - a potion of heal wounds
Miscellaneous
 P - a condenser vane


   Skills:
 - Level 6.0 Fighting
 - Level 5.0 Maces & Flails
 - Level 3.0 Polearms
 - Level 2.0 Throwing
 - Level 3.0 Armour
 - Level 4.0 Dodging
 - Level 4.0 Shields
 + Level 9.5 Spellcasting
 + Level 8.5 Conjurations
 - Level 0.5 Hexes
 - Level 0.6 Necromancy
 - Level 2.0 Translocations
 * Level 8.8 Transmutations
 - Level 4.0 Fire Magic
 - Level 6.0 Earth Magic
 - Level 10.0 Poison Magic
 - Level 6.0 Invocations
 - Level 1.0 Evocations


You had one spell level left.
You knew the following spells:

 Your Spells              Type           Power      Damage    Failure   Level
a - Sting                 Tmut/Pois      100%       1d8       1%          1
b - Ignite Poison         Fire/Tmut/Pois 58%        N/A       3%          3
c - Alistair's Intoxicat  Tmut/Pois      43%        N/A       11%         5
d - Apportation           Tloc           36%        N/A       9%          1
e - Stone Arrow           Conj/Erth      80%        3d12      4%          3
f - Irradiate             Conj/Tmut      23%        3d19      14%         5
g - Iron Shot             Conj/Erth      20%        9d5       71%         6
h - Eringya's Noxious Bo  Tmut/Pois      32%        N/A       43%         6

Your spell library contained the following spells:

 Spells                   Type           Power      Damage    Failure   Level
 Foxfire                  Conj/Fire      100%       2x1d9     2%          1
 Sandblast                Erth           70%        2d15      2%          1
 Searing Ray              Conj           90%        2d7       1%          2
 Passwall                 Tmut/Erth      34%        N/A       2%          2
 Sticky Flame             Conj/Fire      36%        2d6       14%         4
 Inner Flame              Hex/Fire       19%        N/A       21%         3
 Vampiric Draining        Necr           12%        2d6       34%         3
 Borgnjor's Vile Clutch   Necr/Erth      12%        N/A       67%         5
 Cause Fear               Hex            6%         N/A       71%         4
 Discord                  Hex            6%         N/A       100%        8


Dungeon Overview and Level Annotations

Branches:
Dungeon (12/15)            Temple (0/1) D:6            Lair (5/5) D:10
 Shoals (0/4) Lair:2        Snake (0/4) Lair:2        Slime (0/5) Lair:4
    Orc (0/2) D:12         Bailey (visited)

Altars:
Ashenzari
Fedhas
Gozag
Hepliaklqana
Okawaru
Qazlal
Ru
Sif Muna
Trog
Wu Jian
Xom
Yredelemnul
Jiyva

Shops:
D:2 *   D:10 *(

Annotations:
D:8 need dig
D:9 2 transporters, exclusion: oklob plant, Atlas's ghost, journeyman OpFE
D:11 2 transporters, qdestroyer's ghost, journeyman MiBe


Innate Abilities, Weirdness & Mutations

You have hooves in place of feet.
Your demonic aura sometimes causes spilled blood to erupt in flames.
When hurt, damage is shared between your health and your magic reserves.
You regenerate magic rapidly.


Message History

The spriggan looks rather confused. x2
The world spins around you!
The spriggan barely misses the spriggan rider.
The spriggan hits itself with a +0 dagger!
The spriggan rider hits you from afar with a +0 spear!
* * * LOW HITPOINT WARNING * * *
The spriggan is engulfed in blazing flames.
You kill the spriggan!
Sif Muna accepts your kill.
Casting: Alistair's Intoxication (dangerous; 11% risk of failure)
Confirm with . or Enter, or press ? or * to list all spells.
You don't have enough magic to cast this spell.
Unknown command.
Casting: Alistair's Intoxication (dangerous; 11% risk of failure)
Confirm with . or Enter, or press ? or * to list all spells.
Okay, then.
Casting: Alistair's Intoxication (dangerous; 11% risk of failure)
Confirm with . or Enter, or press ? or * to list all spells.
Aiming: Stone Arrow (mildly dangerous; 4% risk of failure)
Press: ? - help, Shift-Dir - straight line, f - spriggan rider
Aim: a spriggan rider, wielding a +0 spear (moderately wounded, 51% to hit)
The stone arrow hits the spriggan rider!!
The spriggan rider is severely wounded.
The wolf misses you.
The spriggan closely misses the spriggan.
The spriggan rider hits you from afar with a +0 spear!!
* * * LOW HITPOINT WARNING * * *
You feel much better. The wolf misses you.
The spriggan hits the spriggan with a +0 rapier!
The wolf bites you but does no damage.
The spriggan rider hits you from afar with a +0 spear!!
* * * LOW HITPOINT WARNING * * *
Press: ? - help, v - describe, . - travel
Here: a spriggan, wielding a +0 rapier and wearing a +0 robe (confused)
The floor.
Okay, then.
As you read the scroll of teleportation, it crumbles to dust.
You feel strangely unstable. The wolf closely misses you.
The spriggan rider hits you from afar with a +0 spear!!
You die...

♣♣.♣ ♣♣.........
♣.♣ ♣♣♣♣♣
♣......... ♣♣.♣
♣♣.))♣♣♣♣♣♣......
♣..♣♣♣..♣♣..♣
♣♣...♣..♣♣♣..♣♣
♣......♣♣ ♣♣♣.♣♣
♣♣..♣..♣ ♣..♣♣
♣♣.♣♣♣.♣ ♣♣).♣
♣..♣ ♣@♣♣ ♣♣.÷♣♣♣
♣..♣ ♣h.♣ ♣..÷..♣
♣.♣♣ ♣♣i♣♣
♣.♣...♣ ♣.♣♣ ♣i○♣
♣♣..).♣ ♣..♣♣
♣.i♣ ♣....♣♣
♣♣..♣♣♣.♣♣ ♣♣...♣
♣..♣♣.♣♣ ♣♣.♣♣♣
♣....i♣ ♣♣.♣♣
♣..i.♣♣ ♣♣..♣


You could see a spriggan rider, 2 spriggans and a wolf.

Vanquished Creatures
  Fannar (D:11)
  A hydra (Lair:5)
  Josephine (D:11)
  2 boulder beetles
  2 two-headed ogres
  3 death yaks
  Pikel (D:8)
  3 ugly things
  2 deep elf pyromancers (D:12)
  2 oklob plants (Lair:4)
  A cyclops (D:12)
  A guardian serpent (D:11)
  Maurice (D:11)
  4 black mambas
  An eye of devastation (Lair:4)
  2 gargoyles
  2 rime drakes
  7 cane toads
  3 komodo dragons
  A queen bee (Lair:1)
  4 polar bears
  23 blink frogs
  Grinder (D:3)
  2 hornets
  A vampire (Bailey)
  8 spriggans (Lair:5)
  A shadow (D:11)
  4 wraiths
  A wyvern (Lair:2)
  27 yaks
  2 basilisks
  A steam dragon (D:9)
  2 acid dragons (D:12)
  13 water moccasins
  A floating eye (Lair:4)
  2 ice beasts
  6 orc warriors
  2 sky beasts
  3 boggarts (Lair:5)
  A black bear (Lair:5)
  2 centaurs
  2 ogres
  9 wolves (Lair:5)
  A lemure (D:8)
  3 phantoms
  4 kobold brigands
  7 bullfrogs
  4 scorpions
  11 wights
  34 killer bees
  6 wolf zombies (Bailey)
  An electric eel (Lair:2)
  8 vampire bats (Bailey)
  6 howler monkeys
  4 hounds
  3 jellies
  A gnoll bouda (D:9)
  6 orc priests
  Jessica (D:2)
  Ijyb (D:5)
  6 iguanas
  9 orc wizards
  2 hell rats
  Robin (D:4)
  14 gnolls
  6 adders
  A shadow imp (D:6)
  4 white imps
  An ufetubus (D:6)
  A worm (D:4)
  4 dart slugs
  39 orcs
  8 endoplasms
  2 giant cockroaches
  19 goblins
  10 hobgoblins
  11 jackals
  28 kobolds
  3 quokkas
  6 ball pythons
  3 bats
  3 frilled lizards
  22 orc zombies (Bailey)
  8 rats
471 creatures vanquished.

Vanquished Creatures (collateral kills)
  2 wraiths (D:11)
2 creatures vanquished.

Vanquished Creatures (others)
  A wizard (D:6)
  An orc (D:12)
  29 fungi
  52 plants
83 creatures vanquished.

Grand Total: 556 creatures vanquished

Notes
Turn   | Place    | Note
-------+----------+-------------------------------------------
     0 | D:1      | wingedge the Demonspawn Wanderer began the quest for the
                  | Orb.
     0 | D:1      | wingedge set off with the following items: a +0 trident, 15
                  | poisoned darts, a +0 dagger, a scroll of blinking, a +0
                  | robe; and the following spell memorised: Sting; and the
                  | following spells available to memorise: Ignite Poison.
     0 | D:1      | Reached XP level 1. HP: 13/13 MP: 4/4
   172 | D:1      | Gained mutation: You regenerate magic rapidly. [demonic
                  | ancestry]
   172 | D:1      | Reached XP level 2. HP: 14/20 MP: 1/6
   316 | D:1      | Reached skill level 1 in Fighting
  1060 | D:1      | Reached XP level 3. HP: 26/26 MP: 4/7
  1244 | D:2      | Found a faded altar of an unknown god.
  1244 | D:2      | Noticed a ynoxinul
  1285 | D:2      | Learned a level 3 spell: Ignite Poison
  1387 | D:2      | Noticed Jessica
  1394 | D:2      | Killed Jessica
  1395 | D:2      | Reached skill level 1 in Transmutations
  1395 | D:2      | Reached skill level 1 in Fire Magic
  1395 | D:2      | Reached skill level 3 in Poison Magic
  1673 | D:2      | Reached XP level 4. HP: 29/32 MP: 5/8
  1829 | D:2      | Found Aburumae's Assorted Antiques.
  2253 | D:3      | Found a sacrificial altar of Ru.
  2253 | D:3      | Found a shimmering blue altar of Sif Muna.
  2253 | D:3      | Found a shimmering altar of Xom.
  2256 | D:3      | Found a stormy altar of Qazlal.
  2258 | D:3      | Found an ornate altar of the Wu Jian Council.
  2262 | D:3      | Found a broken altar of Ashenzari.
  2270 | D:3      | Became a worshipper of Sif Muna the Loreminder
  2279 | D:3      | Found a hazy altar of Hepliaklqana.
  2281 | D:3      | Found a basalt altar of Yredelemnul.
  2286 | D:3      | Found an opulent altar of Gozag.
  2657 | D:3      | Reached skill level 1 in Invocations
  2747 | D:3      | Noticed a kobold brigand
  2758 | D:3      | Killed a kobold brigand
  2759 | D:3      | Reached XP level 5. HP: 37/37 MP: 0/9
  2774 | D:3      | Noticed Grinder
  2790 | D:3      | Killed Grinder
  2791 | D:3      | Reached skill level 1 in Evocations
  2791 | D:3      | Gained mutation: You have large cloven feet. [demonic
                  | ancestry]
  2791 | D:3      | Reached XP level 6. HP: 9/47 MP: 3/10
  3278 | D:3      | Reached * piety under Sif Muna
  3811 | D:4      | Reached skill level 1 in Dodging
  3818 | D:4      | Noticed Robin
  3819 | D:4      | Reached XP level 7. HP: 42/52 MP: 1/12
  4023 | D:4      | You fall into a shaft and drop 1 floor!
  4023 | D:5      | Entered Level 5 of the Dungeon
  4474 | D:4      | Reached skill level 4 in Poison Magic
  5560 | D:4      | Killed Robin
  5560 | D:4      | Reached ** piety under Sif Muna
  5812 | D:5      | Gained mutation: Your demonic aura sometimes causes spilled
                  | blood to erupt in flames. [demonic ancestry]
  5812 | D:5      | Reached XP level 8. HP: 51/58 MP: 6/15
  6020 | D:5      | Noticed Ijyb
  6024 | D:5      | Killed Ijyb
  6113 | D:5      | Reached skill level 5 in Spellcasting
  6628 | D:5      | Reached skill level 5 in Poison Magic
  7064 | D:6      | Found an iron altar of Okawaru.
  7073 | D:6      | Found a staircase to the Ecumenical Temple.
  7302 | D:6      | Found a bloodstained altar of Trog.
  7305 | D:6      | Noticed a wizard
  7360 | D:6      | Killed a wizard
  7514 | D:6      | Reached XP level 9. HP: 54/63 MP: 18/18
  7623 | D:7      | Reached skill level 5 in Invocations
  7638 | D:7      | Reached skill level 6 in Poison Magic
  7765 | D:7      | Reached *** piety under Sif Muna
  7774 | D:7      | Reached skill level 5 in Transmutations
  8033 | D:7      | Identified 2 scrolls of acquirement
  8104 | D:7      | Found a flagged portal.
  8116 | Bailey   | Entered a bailey
  8258 | Bailey   | Acquired a book of Party Tricks
  8276 | Bailey   | Reached skill level 1 in Maces & Flails
  8484 | Bailey   | Acquired the +1 pair of boots of Duck's Teeth {rC+ Stlth+}
  8513 | Bailey   | Learned a level 5 spell: Alistair's Intoxication
  8515 | Bailey   | Learned a level 1 spell: Apportation
  8620 | Bailey   | Reached skill level 1 in Armour
  9025 | Bailey   | Reached **** piety under Sif Muna
  9449 | Bailey   | Noticed a gargoyle
  9457 | Bailey   | Killed a gargoyle
  9712 | Bailey   | Identified the ring "Esaysaromu" {rF+ rC- Will+ Dex+3}
 10003 | D:7      | Gained mutation: When hurt, damage is shared between your
                  | health and your magic reserves. [demonic ancestry]
 10003 | D:7      | Reached XP level 10. HP: 71/71 MP: 6/20
 10168 | D:7      | Reached skill level 1 in Shields
 10869 | D:8      | Identified the +0 helmet of the Tick {Int+4}
 10894 | D:8      | Noticed a wizard
 10913 | D:8      | Noticed a water nymph
 11263 | D:8      | Reached ***** piety under Sif Muna
 11606 | D:8      | Reached skill level 7 in Poison Magic
 11835 | D:8      | Noticed Pikel
 11841 | D:8      | Killed Pikel
 11841 | D:8      | Received a gift from Sif Muna
 11842 | D:8      | Reached skill level 1 in Translocations
 11842 | D:8      | Got Moarghi's Directory of Crystalline Despicable Rituals
                  | {god gift}
 12083 | D:8      | Noticed a cane toad
 12083 | D:8      | a wind drake changed into a cane toad
 12161 | D:9      | Noticed a deep elf archer
 12161 | D:9      | Noticed Atlas's ghost (journeyman OpFE)
 12162 | D:9      | Noticed a wizard
 12164 | D:9      | Found a transporter.
 12332 | D:9      | Noticed a gargoyle
 12363 | D:9      | Killed a gargoyle
 12364 | D:9      | Reached skill level 8 in Poison Magic
 13185 | D:9      | Found a transporter.
 13425 | D:9      | Found a blossoming altar of Fedhas.
 13440 | D:9      | Noticed an oklob plant
 13677 | D:10     | Entered Level 10 of the Dungeon
 14040 | D:9      | Learned a level 3 spell: Stone Arrow
 14040 | D:9      | Upgraded the game from 0.29-a0-1043-g569b05d6ff to
                  | 0.29-a0-1047-g7c58e119a4
 14064 | D:10     | Noticed a death yak
 14064 | D:10     | Noticed a death yak
 14064 | D:10     | Noticed a death yak
 14064 | D:10     | Found a staircase to the Lair.
 14091 | D:9      | Killed a death yak
 14367 | D:10     | Killed a death yak
 14368 | D:10     | Reached skill level 5 in Fighting
 14368 | D:10     | Gained mutation: You have hoof-like feet. [demonic
                  | ancestry]
 14368 | D:10     | Reached XP level 11. HP: 79/79 MP: 9/21
 14372 | D:10     | Killed a death yak
 14530 | D:10     | Found Valosikk's General Store.
 14531 | D:10     | Noticed a two-headed ogre
 14542 | D:10     | Killed a two-headed ogre
 14734 | D:10     | Found Siluah's Firing Range.
 15124 | D:11     | Noticed a purple ugly thing
 15149 | D:11     | Noticed a brown ugly thing
 15163 | D:11     | Killed a brown ugly thing
 15233 | D:11     | Found a transporter.
 15248 | D:11     | Noticed qdestroyer's ghost (journeyman MiBe)
 15263 | D:11     | Found a transporter.
 15314 | D:11     | Noticed a boulder beetle
 15321 | D:11     | Killed a boulder beetle
 15322 | D:11     | Reached skill level 9 in Poison Magic
 15322 | D:11     | Reached skill level 1 in Conjurations
 15517 | D:11     | Noticed Maurice
 15519 | D:11     | Noticed Fannar
 15520 | D:11     | Paralysed by Maurice for 5 turns
 15531 | D:11     | Killed Maurice
 15539 | D:11     | Killed Fannar
 15893 | D:11     | Noticed Josephine
 15907 | D:11     | Killed Josephine
 16190 | D:11     | Killed a purple ugly thing
 16499 | D:11     | Noticed a two-headed ogre
 16508 | D:11     | Killed a two-headed ogre
 16860 | D:11     | Reached XP level 12. HP: 88/88 MP: 7/22
 17100 | D:12     | Noticed a boulder beetle
 17107 | D:12     | Killed a boulder beetle
 17109 | D:12     | Found a staircase to the Orcish Mines.
 17342 | D:10     | Bought an amulet of magic regeneration for 510 gold pieces
 17342 | D:10     | Bought a potion of heal wounds for 85 gold pieces
 17702 | D:12     | Noticed a fire dragon
 18106 | D:12     | Reached skill level 5 in Earth Magic
 18643 | Lair:1   | Entered Level 1 of the Lair of Beasts
 18783 | Lair:1   | Reached skill level 5 in Conjurations
 20370 | Lair:1   | Learned a level 2 spell: Passwall
 20659 | Lair:2   | Found a staircase to the Snake Pit.
 20813 | Lair:2   | Found a staircase to the Shoals.
 21018 | Lair:2   | Reached skill level 10 in Poison Magic
 21946 | Lair:3   | Gained mutation: You have hooves in place of feet. [demonic
                  | ancestry]
 21946 | Lair:3   | Reached XP level 13. HP: 85/93 MP: 25/25
 23378 | Lair:4   | Found a viscous altar of Jiyva.
 23378 | Lair:4   | Found a staircase to the Slime Pits.
 23380 | Lair:4   | Paralysed by a floating eye for 3 turns
 23390 | Lair:4   | Paralysed by a floating eye for 4 turns
 23968 | Lair:4   | Found a blossoming altar of Fedhas.
 23978 | Lair:4   | Reached skill level 5 in Maces & Flails
 24273 | Lair:4   | Learned a level 6 spell: Iron Shot
 24279 | Lair:4   | Learned a level 5 spell: Borgnjor's Vile Clutch
 24283 | Lair:4   | Learned a level 3 spell: Inner Flame
 24507 | Lair:5   | Entered Level 5 of the Lair of Beasts
 24608 | Lair:5   | Received a gift from Sif Muna
 24609 | Lair:5   | Got Sif Muna's Papyrus of the Energetic Assassin {god gift}
 24778 | Lair:5   | Learned a level 5 spell: Irradiate
 24786 | Lair:5   | Learned a level 6 spell: Eringya's Noxious Bog
 25584 | Lair:5   | Mangled by a spriggan rider

Illustrated notes

Levels and vault maps discovered:
D:1:      lemuel_arrival_muddy, layout_loops_ring, serial_bayou_lagoon_a
D:2:      layout_loops_ring, serial_shops, nicolae_shop_behind_doors,
          dreamdust_ecumenical_altar_sealed_demon, uniq_jessica
D:3:      cheibrodos_thug_alley, layout_loops_ring,
          nicolae_overflow_hallway_of_the_gods, minmay_hedge_maze, minivault_23,
          grunt_ministairs_7, reono_crystal_passage,
          chequers_serial_rivers_small_3, uniq_grinder
D:4:      layout_rooms, dreamdust_gnoll_farm, uniq_robin
D:5:      layout_loops_ring, uniq_ijyb
D:6:      layout_cave_pools, trog_wizard, nicolae_overflow_crystal_walls,
          minmay_temple_entry_crystal_x, nicolae_ossuary_entry_monument
D:7:      layout_loops_cross, enter_bailey_3
D:8:      layout_gridville, onia_ninara_dug_in_and_dangerous, uniq_pikel
D:9:      layout_cave_pools, tgw_fedhas, gammafunk_ghost_arena
D:10:     layout_rooms, dpeg_lair_monsters, serial_shops, shop_fountains,
          nicolae_shop_firing_range
D:11:     layout_basic, gammafunk_ghost_stat_death,
          nrook_guardian_serpent_double, uniq_fannar, uniq_josephine,
          uniq_maurice
D:12:     minmay_mutant_horseshoe, layout_loops_corners, david_orc_2
Lair:1:   layout_hall_layers, special_room [special_room_bee]
Lair:2:   layout_roguey, elwin_shoals_entry_rocks, dummy_snake_entry,
          special_room, guppyfry_lair_drakes
Lair:3:   layout_misc_corridors
Lair:4:   layout_long_grid, minmay_slime_entry_eyes, hangedman_tree_tricks,
          lemuel_fruit_tree, lemuel_fruit_fields, grunt_megastairs_4
Lair:5:   minmay_lair_end_enchanted_forest, layout_gridlike,
          infiniplex_staircase_pool_2, serial_bayou_shore_a

Skill      XL: |  1  2  3  4  5  6  7  8  9 10 11 12 13 |
---------------+----------------------------------------+-----
Throwing       | 2 |  2.0
Polearms       | 3 |  3.0
Fighting       | 1 3 4 5 6 |  6.0
Transmutations | 1 3 4 5 7 8 |  8.8
Fire Magic     | 1 2 3 4 |  4.0
Poison Magic   | 3 4 5 6 8 9 10 | 10.0
Invocations    | 2 3 4 5 6 |  6.0
Evocations     | 1 |  1.0
Dodging        | 1 2 3 4 |  4.0
Spellcasting   | 4 6 7 8 9 |  9.5
Maces & Flails | 3 4 5 |  5.0
Armour         | 1 3 |  3.0
Shields        | 4 |  4.0
Translocations | 1 2 |  2.0
Conjurations   | 3 7 8 |  8.5
Earth Magic    | 4 6 |  6.0
Hexes          | |  0.5
Necromancy     | |  0.6

Action                   |  1- 3 |  4- 6 |  7- 9 | 10-12 | 13-15 || total
-------------------------+-------+-------+-------+-------+-------++-------
Melee: Trident           |     9 |    12 |       |       |       ||    21
       Staff             |       |     3 |     3 |    29 |       ||    35
       Dagger            |       |     1 |     3 |       |       ||     4
       Whip              |       |     4 |   281 |    83 |     6 ||   374
       Punch             |       |       |     3 |       |       ||     3
       Flail             |       |       |       |    49 |       ||    49
       Kick              |       |       |       |       |     1 ||     1
Throw: Dart              |    11 |     1 |       |     2 |       ||    14
       Javelin           |       |       |       |     2 |       ||     2
 Cast: Sting             |    57 |    79 |   161 |   403 |   120 ||   820
       Ignite Poison     |     3 |    10 |    65 |   123 |    39 ||   240
       Alistair's Intoxi |       |       |       |    11 |     9 ||    20
       Apportation       |       |       |       |     1 |       ||     1
       Stone Arrow       |       |       |       |   114 |    43 ||   157
       Eringya's Noxious |       |       |       |       |     5 ||     5
       Irradiate         |       |       |       |       |     2 ||     2
       Iron Shot         |       |       |       |       |     1 ||     1
       Inner Flame       |       |       |       |       |     1 ||     1
Invok: Channel Magic     |       |       |       |     5 |       ||     5
       Forget Spell      |       |       |       |       |     3 ||     3
Evoke: Wand              |       |     9 |     2 |       |     5 ||    16
  Use: Scroll            |       |     1 |    11 |    15 |     5 ||    32
       Potion            |       |       |    10 |    15 |     2 ||    27
 Stab: Sleeping          |       |       |     2 |       |       ||     2
Armor: Robe              |     7 |    10 |   135 |   262 |    35 ||   449
       Leather armour    |       |       |    57 |       |       ||    57
       Scale mail        |       |       |     5 |    26 |       ||    31
Dodge: Dodged            |    14 |    25 |   630 |   465 |    74 ||  1208
Block: Buckler           |       |       |     2 |   255 |    45 ||   302

Table legend: (Time is in decaauts)
 A = Elapsed time spent in this place.
 B = Non-inter-level travel time spent in this place.
 C = Inter-level travel time spent in this place.
 D = Time resting spent in this place.
 E = Time spent auto-exploring this place.
 F = Levels seen in this place.
 G = Mean time per level.
                   A        B        C        D        E       F      G
               +--------+--------+--------+--------+--------+-----+--------+
         Total |  25616 |  24965 |    651 |   9883 |  10308 |  18 | 1423.1 |
       Dungeon |  16870 |  16335 |    535 |   5863 |   7614 |  12 | 1405.8 |
          Lair |   6940 |   6825 |    115 |   2992 |   2413 |   5 | 1388.0 |
        Bailey |   1805 |   1805 |      0 |   1028 |    280 |   1 | 1805.0 |
               +--------+--------+--------+--------+--------+-----+--------+

Top non-repeatable levels by time:
    D:11: 2037 daAuts
  Lair:1: 2020 daAuts
     D:9: 1972 daAuts
  Bailey: 1805 daAuts
     D:3: 1730 daAuts
  Lair:4: 1694 daAuts
     D:8: 1627 daAuts
     D:4: 1587 daAuts
     D:5: 1531 daAuts
     D:7: 1349 daAuts
  Lair:2: 1227 daAuts
    D:12: 1213 daAuts
     D:1: 1126 daAuts
    D:10: 1057 daAuts
  Lair:5: 1006 daAuts
